 Dungeon Crawl Stone Soup version 0.27-a0-1206-g6342a01c75 (webtiles) character file.

Game seed: 5203616056188795862

11586 27snakeeyes612 the Cleaver (level 11, -4/99 HPs)
             Began as a Minotaur Fighter on June 5, 2021.
             Was a Follower of Makhleb.
             Slain by a boulder beetle (23 damage)
             ... on level 12 of the Dungeon.
             The game lasted 00:08:08 (11932 turns).

27snakeeyes612 the Cleaver (Minotaur Fighter)      Turns: 11932, Time: 00:08:09

Health: -4/99      AC: 21    Str: 27    XL:     11   Next: 51%
Magic:  0/10       EV:  7    Int:  5    God:    Makhleb [*.....]
Gold:   2286       SH: 12    Dex: 10    Spells: 10/10 levels left

rFire    . . .     SeeInvis .   i - +1 war axe (elec)
rCold    + . .     Faith    .   c - +0 kite shield
rNeg     . . .     Spirit   +   y - +0 plate armour
rPois    +         Reflect  .   G - +2 hat
rElec    .         Harm     .   K - +0 cloak
rCorr    .         Rampage  .   (no gloves)
Will     .....                  N - +2 pair of boots of the Grey Skies {rC+ Str+3 Stlth+}
Stlth    ..........             E - amulet of guardian spirit
HPRegen  0.26/turn              x - ring of poison resistance
MPRegen  0.12/turn              (no ring)

@: no status effects
A: horns 2, retaliatory headbutt
a: Renounce Religion


You were on level 12 of the Dungeon.
You worshipped Makhleb.
Makhleb was aware of your devotion.
You visited 2 branches of the dungeon, and saw 13 of its levels.

You collected 2286 gold pieces.

Inventory:

Hand Weapons
 a - a +0 war axe
 i - a +1 war axe of electrocution (weapon)
Armour
 b - a +0 scale mail
 c - a +0 kite shield (worn)
 y - a +0 plate armour (worn)
 G - a +2 hat (worn)
 K - a +0 cloak (worn)
 N - the +2 pair of boots of the Grey Skies (worn) {rC+ Str+3 Stlth+}
   (You found it on level 10 of the Dungeon)

   It affects your strength (+3).
   It protects you from cold.
   It makes you more stealthy.
Jewellery
 x - a ring of poison resistance (left hand)
 E - an amulet of guardian spirit (around neck)
 I - a ring of protection from fire
 L - a ring of magical power
Wands
 w - a wand of charming (15)
 z - a wand of polymorph (17)
 B - a wand of paralysis (25)
 J - a wand of iceblast (7) (quivered)
Scrolls
 e - a scroll of summoning {unknown}
 f - 13 scrolls of identify {unknown}
 h - 2 scrolls of fog {unknown}
 j - 3 scrolls of immolation {unknown}
 k - a scroll of magic mapping {unknown}
 l - 2 scrolls of enchant armour {unknown}
 m - 6 scrolls of blinking {unknown}
 o - 9 scrolls of teleportation {unknown}
 p - 3 scrolls of noise {unknown}
 q - a scroll of silence {unknown}
 t - 6 scrolls of vulnerability {unknown}
 u - 2 scrolls of brand weapon {unknown}
 v - 3 scrolls of fear {unknown}
 A - 2 scrolls of holy word {unknown}
 F - a scroll of enchant weapon {unknown}
Potions
 d - 2 potions of might
 g - a potion of lignification {unknown}
 n - 2 potions of flight {unknown}
 r - a potion of berserk rage {unknown}
 s - 3 potions of degeneration {unknown}
 C - a potion of curing
 D - 2 potions of heal wounds {unknown}
 H - a potion of ambrosia {unknown}
 M - a potion of mutation {unknown}


   Skills:
 + Level 9.7 Fighting
 + Level 14.3 Axes
 + Level 10.2 Armour
 + Level 2.7 Dodging
 + Level 1.0 Stealth
 + Level 9.7 Shields
 + Level 0.1 Unarmed Combat


You had 10 spell levels left.
You didn't know any spells.
Your spell library contained the following spells:

 Spells                   Type           Power      Damage    Failure   Level
 Animate Skeleton         Necr           0%         N/A       100%        1
 Magic Dart               Conj           0%         1d3       100%        1
 Pain                     Necr           0%         1d4       100%        1
 Shock                    Conj/Air       0%         1d3       100%        1
 Blink                    Tloc           N/A        N/A       100%        2
 Call Imp                 Summ           0%         N/A       100%        2
 Searing Ray              Conj           0%         3d3       100%        2
 Slow                     Hex            0%         N/A       100%        2
 Static Discharge         Conj/Air       0%         N/A       100%        2
 Confusing Touch          Hex            0%         N/A       100%        3
 Conjure Flame            Conj/Fire      0%         6-21      100%        3
 Dazzling Flash           Conj/Hex       0%         N/A       100%        3
 Gell's Gravitas          Tloc           0%         N/A       100%        3
 Mephitic Cloud           Conj/Pois/Air  0%         N/A       100%        3
 Swiftness                Air            0%         N/A       100%        3
 Vampiric Draining        Necr           0%         2d6       100%        3
 Airstrike                Air            0%         N/A       100%        4
 Animate Dead             Necr           0%         N/A       100%        4
 Fulminant Prism          Conj/Hex       0%         3d6       100%        4
 Iskenderun's Mystic Bla  Conj/Tloc      0%         2d3       100%        4
 Petrify                  Tmut/Erth      0%         N/A       100%        4
 Agony                    Necr           0%         N/A       100%        5
 Lightning Bolt           Conj/Air       0%         1d11      100%        5
 Metabolic Englaciation   Hex/Ice        0%         N/A       100%        5
 Yara's Violent Unravell  Hex/Tmut       0%         3d3       100%        5


Dungeon Overview and Level Annotations

Branches:
Dungeon (12/15)            Temple (1/1) D:6            Lair (0/6) D:9
    Orc (0/2) D:10

Altars:
Ashenzari
Cheibriados
Dithmenos
Elyvilon
Fedhas
Gozag
Hepliaklqana
Kikubaaqudgha
Makhleb
Nemelex Xobeh
Okawaru
Qazlal
Ru
Sif Muna
Trog
Uskayaw
Vehumet
Wu Jian
Xom
Yredelemnul
Zin
The Shining One
Beogh

Annotations:
D:3 3 runed translucent doors, rayg00n's ghost, amateur TeWz


Innate Abilities, Weirdness & Mutations

You have a pair of horns on your head.
You reflexively headbutt those who attack you in melee.


Message History

You block the red devil's attack.
You slash the kobold demonologist!
You kill the kobold demonologist!
Makhleb accepts your kill.
The shadow imp disappears in a puff of smoke!
The red devil disappears in a puff of smoke!
The shadow imp disappears in a puff of smoke!
The ufetubus disappears in a puff of smoke!
You completely miss the boulder beetle.
The boulder beetle waves its antennae.
The boulder beetle leaps!
Aiming: Iceblast
Press: ? - help, Q - select action, (/) - cycle Shift-Dir - straight line, f - boulder beetle
Aim: a boulder beetle (severely wounded)
The mass of ice explodes!
The iceblast engulfs the boulder beetle but does no damage.
The boulder beetle is severely wounded.
Aiming: Iceblast
Press: ? - help, Q - select action, (/) - cycle Shift-Dir - straight line, f/p - boulder beetle
Aim: a boulder beetle (severely wounded)
The mass of ice explodes!
The iceblast engulfs the boulder beetle.
The boulder beetle is severely wounded.
The boulder beetle curls into a ball and begins rolling!
Unknown command.
Aiming: Iceblast
Press: ? - help, Q - select action, (/) - cycle Shift-Dir - straight line, f/p - boulder beetle
Aim: a boulder beetle (severely wounded, rolling)
The mass of ice explodes!
The iceblast engulfs the boulder beetle but does no damage.
The boulder beetle is severely wounded.
Unknown command.
Aiming: Iceblast
Press: ? - help, Q - select action, (/) - cycle Shift-Dir - straight line, f/p - boulder beetle
Aim: a boulder beetle (severely wounded, rolling)
The mass of ice explodes!
The iceblast engulfs the boulder beetle but does no damage.
The boulder beetle is severely wounded.
The boulder beetle hits you!!
You die...

....................
............############
............# #
............############
........................
..........°.............
.........○...###########
......)§B....# #
......[@.....# #
.............###########
........................
...........#############
##########.# ####### #..
....... .... .......
..... ####### ...
#######


You could see a boulder beetle (rolling).

Vanquished Creatures
  A centaur warrior (D:10)
  Nergalle (D:11)
  Urug (D:12)
  A manticore (D:11)
  2 cyclopes
  A gargoyle (D:11)
  A kobold demonologist (D:12)
  An unseen horror (D:12)
  3 trolls
  6 yaks (D:11)
  2 wyverns
  2 steam dragons
  A water moccasin (D:8)
  6 orc warriors
  An ice beast (D:6)
  A black bear (D:7)
  2 ogres
  A necrophage (D:4)
  A centaur (D:9)
  A phantom (D:5)
  2 kobold brigands
  Blork the orc (D:4)
  2 bullfrogs
  A gnoll sergeant (D:8)
  A wyvern zombie (D:5)
  A scorpion (D:5)
  A water moccasin skeleton (D:2)
  6 killer bees
  11 wights
  10 centaur zombies
  A jelly (D:5)
  A hound (D:5)
  3 gnoll shamans
  5 orc priests
  A bullfrog skeleton (D:7)
  2 iguanas
  5 orc wizards
  Ijyb (D:5)
  2 howler monkey zombies (D:10)
  5 adders
  14 gnolls
  A shadow imp (D:8)
  2 white imps
  An ufetubus (D:4)
  4 worms
  4 dart slugs
  28 orcs
  4 ball pythons
  3 endoplasms (D:1)
  3 giant cockroaches
  3 goblins
  5 hobgoblins
  3 quokkas
  2 bats
  4 frilled lizards
  24 kobolds
  8 rats
211 creatures vanquished.

Vanquished Creatures (others)
  A boulder beetle (D:12)
  A troll (D:12)
  A shadow (D:12)
  A howler monkey (D:12)
  An orc (D:9)
5 creatures vanquished.

Grand Total: 216 creatures vanquished

Notes
Turn   | Place    | Note
-------+----------+-------------------------------------------
     0 | D:1      | 27snakeeyes612 the Minotaur Fighter began the quest for the
                  | Orb.
     0 | D:1      | Reached XP level 1. HP: 19/19 MP: 0/0
   169 | D:1      | Reached XP level 2. HP: 23/27 MP: 1/1
   480 | D:1      | Reached skill level 3 in Axes
   861 | D:2      | Reached XP level 3. HP: 33/33 MP: 2/2
  1166 | D:2      | Reached skill level 4 in Axes
  1166 | D:2      | Reached XP level 4. HP: 33/41 MP: 3/3
  1981 | D:3      | Found a runed translucent gate.
  1981 | D:3      | Found a runed translucent gate.
  1981 | D:3      | Found a runed translucent gate.
  2061 | D:3      | Noticed rayg00n's ghost (amateur TeWz)
  2062 | D:3      | Identified the +7 hunting sling of the Gloaming {flame,
                  | rPois SInv}
  2242 | D:3      | Reached XP level 5. HP: 32/47 MP: 4/4
  2357 | D:3      | Found a faded altar of an unknown god.
  2558 | D:4      | Noticed Blork the orc
  2565 | D:4      | Killed Blork the orc
  2656 | D:4      | Reached skill level 1 in Dodging
  2691 | D:4      | Found a white marble altar of Elyvilon.
  2725 | D:4      | Reached skill level 5 in Axes
  2725 | D:4      | Reached skill level 5 in Armour
  2735 | D:4      | Reached XP level 6. HP: 27/53 MP: 5/5
  3355 | D:5      | Entered Level 5 of the Dungeon
  3373 | D:5      | Reached skill level 5 in Fighting
  3667 | D:5      | Found a broken altar of Ashenzari.
  3698 | D:5      | Reached skill level 6 in Axes
  3698 | D:5      | Reached skill level 5 in Shields
  3698 | D:5      | Reached XP level 7. HP: 61/61 MP: 6/6
  3809 | D:5      | Noticed Ijyb
  3819 | D:5      | Killed Ijyb
  4277 | D:6      | Reached skill level 7 in Axes
  4574 | D:6      | Reached XP level 8. HP: 69/69 MP: 7/7
  4806 | D:6      | Reached skill level 8 in Axes
  5124 | D:6      | Found a staircase to the Ecumenical Temple.
  5429 | D:7      | Identified a scroll of acquirement
  5429 | D:7      | Acquired 1379 gold pieces
  5669 | D:7      | Found a burning altar of Makhleb.
  5881 | Temple   | Entered the Ecumenical Temple
  6329 | D:7      | Reached skill level 9 in Axes
  7017 | D:8      | Found a snail-covered altar of Cheibriados.
  7074 | D:8      | Reached XP level 9. HP: 76/77 MP: 8/8
  7237 | D:8      | Reached skill level 10 in Axes
  7433 | D:7      | Became a worshipper of Makhleb the Destroyer
  7913 | D:9      | Found a staircase to the Lair.
  7921 | D:9      | Noticed a boulder beetle
  9365 | D:10     | Entered Level 10 of the Dungeon
  9508 | D:10     | Reached skill level 11 in Axes
  9551 | D:10     | Found a basalt altar of Yredelemnul.
  9568 | D:10     | Reached XP level 10. HP: 88/88 MP: 9/9
  9592 | D:10     | Reached skill level 12 in Axes
  9601 | D:10     | Reached * piety under Makhleb
  9705 | D:10     | Noticed a cyclops
  9709 | D:10     | Killed a cyclops
  9831 | D:10     | Reached skill level 1 in Stealth
  9838 | D:10     | Noticed a centaur warrior
  9846 | D:10     | Killed a centaur warrior
 10086 | D:10     | Found a hazy altar of Hepliaklqana.
 10292 | D:10     | Found a staircase to the Orcish Mines.
 10314 | D:10     | Identified the +2 pair of boots of the Grey Skies {rC+
                  | Str+3 Stlth+}
 10522 | D:11     | Reached skill level 13 in Axes
 10532 | D:11     | Reached XP level 11. HP: 85/97 MP: 8/10
 11099 | D:11     | Noticed Nergalle
 11118 | D:11     | Killed Nergalle
 11119 | D:11     | Reached skill level 10 in Armour
 11656 | D:12     | Noticed Urug
 11698 | D:12     | Killed Urug
 11699 | D:12     | Reached skill level 14 in Axes
 11812 | D:12     | Killed a boulder beetle
 11904 | D:12     | Noticed a boulder beetle
 11932 | D:12     | Slain by a boulder beetle

Illustrated notes

Levels and vault maps discovered:
D:1:      dpeg_arrival_leaves_temple_mockup, layout_rooms
D:2:      layout_basic
D:3:      layout_rooms, biasface_ghost_orc_armoury,
          shapermc_ecumenical_altar_mp_highgroup
D:4:      layout_basic, elyvilon_altar_5, serial_park_tiny_pond,
          uniq_blork_the_orc
D:5:      layout_gridville, nicolae_overflow_crystal_walls, uniq_ijyb
D:6:      layout_cave_pools, minmay_temple_entry_metal_lava, lightli_minifort
D:7:      layout_basic, nicolae_overflow_hidden_temple
D:8:      layout_cave_pools, lemuel_tele_altar
D:9:      layout_basic, lair_entry_dummy
D:10:     layout_layer_cave, kennysheep_mini_moat,
          nicolae_yredelemnul_corpse_copse, david_orc_2
D:11:     layout_roguey, uniq_nergalle
D:12:     layout_long_grid, xom_confusion_cloud, uniq_maurice, uniq_urug
Temple:   regret_index_temple_sphere_string

Skill      XL: |  1  2  3  4  5  6  7  8  9 10 11 |
---------------+----------------------------------+-----
Armour         | 4 5 6 7 9 10 | 10.2
Axes           | 3 4 5 6 7 9 11 13 14 | 14.3
Fighting       | 4 5 6 7 9 |  9.7
Shields        | 4 5 6 7 9 |  9.7
Dodging        | 1 2 |  2.7
Stealth        | 1 |  1.0
Unarmed Combat | |  0.1

Action                   |  1- 3 |  4- 6 |  7- 9 | 10-12 || total
-------------------------+-------+-------+-------+-------++-------
Melee: War axe           |    72 |   128 |   239 |   160 ||   599
       Headbutt          |    13 |    18 |    40 |    47 ||   118
       Unarmed           |       |       |       |     2 ||     2
Evoke: Wand              |       |       |       |     4 ||     4
  Use: Potion            |       |     2 |     2 |       ||     4
       Scroll            |       |       |     1 |       ||     1
Armor: Scale mail        |    38 |    46 |    10 |       ||    94
       Plate armour      |       |       |   121 |   100 ||   221
Dodge: Dodged            |    18 |    44 |    59 |    52 ||   173
Block: Kite shield       |    30 |    74 |   138 |   114 ||   356

Table legend: (Time is in decaauts)
 A = Elapsed time spent in this place.
 B = Non-inter-level travel time spent in this place.
 C = Inter-level travel time spent in this place.
 D = Time resting spent in this place.
 E = Time spent auto-exploring this place.
 F = Levels seen in this place.
 G = Mean time per level.
                   A        B        C        D        E       F      G
               +--------+--------+--------+--------+--------+-----+--------+
         Total |  12092 |  11542 |    550 |    595 |   9494 |  13 |  930.2 |
       Dungeon |  11936 |  11394 |    542 |    595 |   9347 |  12 |  994.7 |
        Temple |    155 |    147 |      8 |      0 |    147 |   1 |  155.0 |
               +--------+--------+--------+--------+--------+-----+--------+

Top non-repeatable levels by time:
     D:9: 1439 daAuts
     D:6: 1365 daAuts
     D:8: 1280 daAuts
    D:11: 1175 daAuts
     D:2: 1127 daAuts
    D:10: 1109 daAuts
     D:7: 942 daAuts
     D:5: 869 daAuts
     D:1: 851 daAuts
     D:4: 850 daAuts
     D:3: 646 daAuts
    D:12: 279 daAuts
  Temple: 155 daAuts
